Match 44831713
Unlisted

Match 44831713
End
Vickers Machine Gun Team
Construct Section Command Post
Infantry Section
Infantry Section
Selects Canadian Shock Battlegroup
Selects Attacking Spirit
Selects Canadian Shock Section
Canadian Shock Section
Construct Platoon Command Post
Selects Incendiary Munitions
Humber Armored Car
Construct Field Infirmary
6-pounder Anti-tank Gun Team
Bad Ash
[BxB] Victor
naru
SerikaOnoe
Jang Tae wan
-=Thrawn=-
0
0

Comments sign in to comment!

No comments posted yet!